 Dungeon Crawl Stone Soup version 0.30-a0-364-gf6b3ef1049 (webtiles) character file.

Game seed: 3982539053986958342

184 RascalDebosk the Magician (level 5, -1/35 HPs)
             Began as a Djinni Earth Elementalist on Nov 14, 2022.
             Slain by an orc wizard
             ... wielding a +0 dagger
              (3 damage)
             ... on level 3 of the Dungeon on Nov 15, 2022.
             The game lasted 00:27:39 (1976 turns).

RascalDebosk the Magician (DjEE)                    Turns: 1976, Time: 00:27:39

Health: -1/35      AC:  2    Str:  7    XL:     5   Next: 95%
Gold:   107        EV: 12    Int: 25    God:
                   SH:  0    Dex: 13

rFire   + + .      SeeInvis .    e - staff of earth
rCold   x . .      Faith    .    (no shield)
rNeg    + . .      Spirit   .    a - +0 robe
rPois   ∞          Reflect  .    (no helmet)
rElec   .          Harm     .    (no cloak)
rCorr   .          Rampage  .    (no gloves)
Will    .....                    (boots unavailable)
Stlth   +.........               (no amulet)
HPRegen 0.25/turn                c - +6 ring of intelligence
MPRegen 0.00/turn                m - ring of positive energy

@: confused, flying
A: sickness immunity, fire resistance 2, cold vulnerability 1, float, innate
caster, HP casting, extra vitality 1
a: no special abilities


You were on level 3 of the Dungeon.
You visited 1 branch of the dungeon, and saw 3 of its levels.

You collected 107 gold pieces.

Inventory:

Hand Weapons
 s - a +0 dagger
Armour
 a - a +0 robe (worn)
 k - a +0 tower shield
Magical Staves
 e - a staff of earth (weapon)
Jewellery
 c - a +6 ring of intelligence (left hand)
 m - a ring of positive energy (right hand)
Scrolls
 b - a scroll of noise {unknown}
 g - 2 scrolls of blinking {unknown}
 i - a scroll of magic mapping {unknown}
 j - a scroll of immolation {unknown}
 l - a scroll of teleportation {unknown}
 o - a scroll of brand weapon {unknown}
Potions
 d - 3 potions of heal wounds {unknown}
 f - 2 potions of ambrosia {unknown}
 h - a potion of degeneration {unknown}
 n - a potion of invisibility {unknown}


   Skills:
 - Level 2.1 Dodging
 - Level 1.5 Stealth
 + Level 4.7 Spellcasting


You couldn't memorise any spells.
You knew the following spells:

 Your Spells              Type           Power      Damage    Failure   Level
a - Sandblast             Erth           88%        2d18      1%          1
b - Passwall              Tmut/Erth      36%        N/A       1%          2
c - Stone Arrow           Conj/Erth      88%        3d12      3%          3
d - Petrify               Tmut/Erth      44%        N/A       12%         4
e - Sting                 Tmut/Pois      100%       1d8       1%          1
f - Blink                 Tloc           58%        N/A       1%          2
Your spell library was empty.

Dungeon Overview and Level Annotations

Branches:
Dungeon (3/15)

Altars:


Innate Abilities, Weirdness & Mutations

You are immune to sickness and miasma.
You are immune to poison.
Your flesh is very heat resistant. (rF++)
You are vulnerable to cold. (rC-)
You float through the air rather than walking.
You learn spells naturally, not from books.
Your magical power is your life essence.
You have superior vitality. (+4 MHP)


Message History

Casting: Stone Arrow (dangerous; 4% risk of failure)
Confirm with . or Enter, or press ? or * to list all spells.
Aiming: Stone Arrow (dangerous; 4% risk of failure)
Press: ? - help, Shift-Dir - straight line, f/p - orc wizard
Aim: an orc wizard, wielding a +0 dagger and wearing a +0 robe (70% to hit)
You feel a surge of power!
The stone arrow misses the orc wizard.
Casting: Stone Arrow (dangerous; 4% risk of failure)
Confirm with . or Enter, or press ? or * to list all spells.
Aiming: Stone Arrow (dangerous; 4% risk of failure)
Press: ? - help, Shift-Dir - straight line, f/p - orc wizard
Aim: an orc wizard, wielding a +0 dagger and wearing a +0 robe (70% to hit)
You feel a surge of power!
The stone arrow hits the orc wizard!
You kill the orc wizard!
Casting: Stone Arrow (dangerous; 3% risk of failure)
Confirm with . or Enter, or press ? or * to list all spells.
Aiming: Stone Arrow (dangerous; 3% risk of failure)
Press: ? - help, Shift-Dir - straight line, f - orc
Aim: an orc, wielding a +0 club and wearing a +0 ring mail (79% to hit)
You feel a surge of power!
The stone arrow hits the orc!!
You kill the orc!
Casting: Stone Arrow (dangerous; 3% risk of failure)
Confirm with . or Enter, or press ? or * to list all spells.
Aiming: Stone Arrow (dangerous; 3% risk of failure)
Press: ? - help, Shift-Dir - straight line, f - orc
Aim: an orc, wielding a +0 flail (76% to hit)
You feel a surge of power!
The stone arrow hits the orc!
You kill the orc!
Casting: Stone Arrow (dangerous; 3% risk of failure)
Confirm with . or Enter, or press ? or * to list all spells.
Aiming: Stone Arrow (dangerous; 3% risk of failure)
Press: ? - help, Shift-Dir - straight line, f - orc
Aim: an orc, wielding a +0 short sword (76% to hit)
You feel a surge of power!
You miscast Stone Arrow.
You are very lightly contaminated with residual magic.
Nothing appears to happen.
An orc wizard comes into view. It is wielding a +0 dagger.
Casting: Stone Arrow (dangerous; 3% risk of failure)
Confirm with . or Enter, or press ? or * to list all spells.
Aiming: Stone Arrow (dangerous; 3% risk of failure)
Press: ? - help, Shift-Dir - straight line, f/p - orc
Aim: an orc, wielding a +0 short sword (76% to hit)
You feel a surge of power!
The stone arrow hits the orc!!
You kill the orc!
* * * LOW HITPOINT WARNING * * *
Casting: Stone Arrow (dangerous; 3% risk of failure)
Confirm with . or Enter, or press ? or * to list all spells.
Aiming: Sandblast (safe; 1% risk of failure)
Press: ? - help, Shift-Dir - straight line, f - orc wizard
Aim: an orc wizard, wielding a +0 dagger and wearing a +0 robe (81% to hit)
You feel a surge of power!
The blast of sand misses the orc wizard.
* * * LOW HITPOINT WARNING * * *
Casting: Sandblast (safe; 1% risk of failure)
Confirm with . or Enter, or press ? or * to list all spells.
Aiming: Sandblast (safe; 1% risk of failure)
Press: ? - help, Shift-Dir - straight line, f/p - orc wizard
Aim: an orc wizard, wielding a +0 dagger and wearing a +0 robe (81% to hit)
You feel a surge of power!
The blast of sand misses the orc wizard.
* * * LOW HITPOINT WARNING * * *
Casting: Sandblast (safe; 1% risk of failure)
Confirm with . or Enter, or press ? or * to list all spells.
Aiming: Sandblast (safe; 1% risk of failure)
Press: ? - help, Shift-Dir - straight line, f/p - orc wizard
Aim: an orc wizard, wielding a +0 dagger and wearing a +0 robe (81% to hit)
You feel a surge of power!
The blast of sand hits the orc wizard!
The orc wizard is heavily wounded.
* * * LOW HITPOINT WARNING * * *
The orc wizard closely misses you.
The orc wizard hits you with a +0 dagger.
* * * LOW HITPOINT WARNING * * *
Casting: Sandblast (safe; 1% risk of failure)
Confirm with . or Enter, or press ? or * to list all spells.
Aiming: Stone Arrow (dangerous; 3% risk of failure)
Press: ? - help, Shift-Dir - straight line, f/p - orc wizard
Aim: an orc wizard, wielding a +0 dagger and wearing a +0 robe (heavily wounded, 70% to hit)
You feel a surge of power!
The stone arrow misses the orc wizard.
* * * LOW HITPOINT WARNING * * *
The orc wizard casts a spell at you.
You are confused.
Your magical contamination has completely faded away.
You're too confused to cast spells.
You're too confused to move!
The orc wizard hits you with a +0 dagger.
* * * LOW HITPOINT WARNING * * *
You bump into the rock wall.
The orc wizard casts a spell at you. The puff of flame misses you.
You're too confused to move!
The orc wizard casts a spell at you. The magic dart hits you.
* * * LOW HITPOINT WARNING * * *
You bump into the rock wall.
The orc wizard barely misses you.
You barely miss the orc wizard. You punch the orc wizard.
The orc wizard is severely wounded.
The orc wizard hits you with a +0 dagger.
* * * LOW HITPOINT WARNING * * *
You bump into the rock wall.
The orc wizard hits you with a +0 dagger.
You die...

#.######. #.# #.# #.
#.# #.# #. #.# #.# #.
#.# #.# #. #.# #.# #.
#)# #.# #. #o# #.# #.
#@########.# #.
#.##'#........# #.
#......######## #.
#......# #.
#......#############.
#...)..#.............
#......#.############
#......#<......#
#......#.#####.#


You could see an orc wizard.

Vanquished Creatures
  Jessica (D:2)
  Terence (D:2)
  An orc wizard (D:3)
  Natasha (twice) (D:2)
  An adder (D:2)
  A worm (D:2)
  A dart slug (D:2)
  3 orcs (D:3)
  2 endoplasms (D:2)
  3 giant cockroaches (D:1)
  5 goblins
  2 hobgoblins (D:1)
  2 jackals (D:1)
  9 kobolds
  2 quokkas (D:1)
  3 ball pythons
  A bat (D:1)
  2 frilled lizards
  2 rats
44 creatures vanquished.

Notes
Turn   | Place    | Note
-------+----------+-------------------------------------------
     0 | D:1      | RascalDebosk the Djinni Earth Elementalist began the quest
                  | for the Orb.
     0 | D:1      | RascalDebosk set off with the following spells memorised:
                  | Sandblast, Passwall, Stone Arrow, Petrify.
     0 | D:1      | Reached XP level 1. HP: 15/15 MP: 0/0
   195 | D:1      | Reached XP level 2. HP: 18/21 MP: 0/0
   375 | D:1      | Reached skill level 3 in Spellcasting
   474 | D:1      | Reached XP level 3. HP: 24/25 MP: 0/0
   474 | D:1      | Learned a level 1 spell: Sting
  1007 | D:2      | Noticed Natasha
  1010 | D:2      | Killed Natasha
  1011 | D:2      | Reached XP level 4. HP: 12/31 MP: 0/0
  1239 | D:2      | Noticed Terence
  1241 | D:2      | Killed Terence
  1242 | D:2      | Reached skill level 4 in Spellcasting
  1313 | D:2      | Noticed Jessica
  1317 | D:2      | Killed Jessica
  1318 | D:2      | Reached XP level 5. HP: 29/35 MP: 0/0
  1318 | D:2      | Learned a level 2 spell: Blink
  1509 | D:2      | Noticed Natasha
  1511 | D:2      | Killed Natasha
  1976 | D:3      | Slain by an orc wizard

Illustrated notes

Levels and vault maps discovered:
D:1:      dpeg_arrival_leaves_temple_mockup, layout_basic,
          amcnicky_mini_pool_small, corexii_hall_statues_l,
          chequers_serial_rivers_small_b, roderic_lattice_a, nicolae_titane
D:2:      layout_loops_ring, minmay_fountain_box, uniq_terence, uniq_jessica,
          uniq_natasha
D:3:      layout_basic, kennysheep_generic_room_15

Skill      XL: |  1  2  3  4 |
---------------+-------------+-----
Spellcasting   | 3 4 |  4.7
Dodging        | |  2.1
Stealth        | |  1.5

Action                   |  1- 3 |  4- 6 || total
-------------------------+-------+-------++-------
Melee: Unarmed           |     2 |       ||     2
       Dagger            |     1 |       ||     1
       Staff             |       |     1 ||     1
       Punch             |       |     1 ||     1
 Cast: Sandblast         |    27 |    15 ||    42
       Sting             |     2 |       ||     2
       Stone Arrow       |     1 |    15 ||    16
       Petrify           |       |     2 ||     2
Armor: Robe              |       |     1 ||     1
Dodge: Dodged            |     4 |     4 ||     8

Table legend: (Time is in decaauts)
 A = Elapsed time spent in this place.
 B = Non-inter-level travel time spent in this place.
 C = Inter-level travel time spent in this place.
 D = Time resting spent in this place.
 E = Time spent auto-exploring this place.
 F = Levels seen in this place.
 G = Mean time per level.
                   A        B        C        D        E       F      G
               +--------+--------+--------+--------+--------+-----+--------+
         Total |   1995 |   1946 |     49 |     73 |   1498 |   3 |  665.0 |
       Dungeon |   1995 |   1946 |     49 |     73 |   1498 |   3 |  665.0 |
               +--------+--------+--------+--------+--------+-----+--------+

Top non-repeatable levels by time:
     D:1: 1012 daAuts
     D:2: 899 daAuts
     D:3: 84 daAuts
